AAA
MEMPHIS RAILCATS @ RENO RAILERS
09/16/2059
 
TOP OF THE 1ST
Memphis Railcats batting - Pitching for Reno Railers : RHP Moochie Cahn
Pitching: RHP Moochie Cahn
Batting: RHB Dave Regan 0-0: Ground out 5-3 (Groundball, 56S, EV 91.9 MPH)
Batting: LHB Tristen Cooley 0-0: Ball
1-0: Called Strike
1-1: Fly out, F7 (Flyball, 78S, EV 83.8 MPH)
Batting: LHB Dalton Hamilton 0-0: Ball
1-0: Ball
2-0: Called Strike
2-1: Swinging Strike
2-2: Strikes out swinging
Top of the 1st over - 0 runs, 0 hits, 0 errors, 0 left on base; Memphis 0 - Reno 0
BOTTOM OF THE 1ST
Reno Railers batting - Pitching for Memphis Railcats : RHP Cooper Mazza
Pitching: RHP Cooper Mazza
Batting: RHB Braedon Pashikian 0-0: Foul Ball, location: 2F
0-1: Called Strike
0-2: Foul Ball, location: 2F
0-2: Ground out 3-1 (Groundball, 34, EV 97.5 MPH)
Batting: RHB Hartley Muro 0-0: Ball
1-0: Foul Ball, location: 2F
1-1: Ball
2-1: SINGLE (Line Drive, 7S, EV 93.8 MPH)
Batting: RHB Harry Fischer 0-0: Called Strike
0-1: Swinging Strike
0-2: Ball
Wild Pitch!
Hartley Muro to second
1-2: Ball
2-2: Fly out, F8 (Flyball, 8RD, EV 91.9 MPH)
Batting: RHB Tate Elliott 0-0: Ball
1-0: Ball
2-0: Swinging Strike
2-1: Ball
3-1: Called Strike
3-2: Strikes out swinging
Bottom of the 1st over - 0 runs, 1 hit, 0 errors, 1 left on base; Memphis 0 - Reno 0
TOP OF THE 2ND
Memphis Railcats batting - Pitching for Reno Railers : RHP Moochie Cahn
Batting: RHB Kristian LeDoux 0-0: Called Strike
0-1: Ground out 4-3 (Groundball, 4, EV 88.1 MPH)
Batting: SHB Darren Lane 0-0: Called Strike
0-1: Ball
1-1: Foul Ball, location: 2F
1-2: Foul Ball, location: 2F
1-2: Foul Ball, location: 2F
1-2: SOLO HOME RUN (Flyball, 9D, EV 93.8 MPH), Distance : 352 ft
Batting: RHB Tai de Bruijn 0-0: Foul Ball, location: 2F
0-1: Ball
1-1: Foul Ball, location: 2F
1-2: Strikes out swinging
Batting: LHB Noah Ermilio 0-0: Ball
1-0: Ball
2-0: Called Strike
2-1: Fly out, F7 (Line Drive, 78D, EV 96.2 MPH)
Top of the 2nd over - 1 run, 1 hit, 0 errors, 0 left on base; Memphis 1 - Reno 0
BOTTOM OF THE 2ND
Reno Railers batting - Pitching for Memphis Railcats : RHP Cooper Mazza
Batting: RHB Brian Lemon 0-0: Ball
1-0: Ball
2-0: Called Strike
2-1: SINGLE (Groundball, 6MD, EV 110.0 MPH)
Batting: RHB Charlie Wood 0-0: Called Strike
0-1: Ball
1-1: Fly out, F9 (Flyball, 9LS, EV 84.4 MPH)
Batting: SHB Eli Hughes 0-0: Ball
1-0: Ball
2-0: Called Strike
2-1: Foul Ball, location: 2F
2-2: Grounds out, U3 (Groundball, 3L, EV 98.1 MPH)
Batting: RHB Sol Djojohadiksumo 0-0: Swinging Strike
0-1: DOUBLE (Line Drive, 78XD, EV 103.1 MPH)
Brian Lemon scores
Batting: LHB Jon Dutton 0-0: Called Strike
0-1: SINGLE (Line Drive, 8RS, EV 104.4 MPH)
Sol Djojohadiksumo to third
Runner from 3rd tries for Home, throw by CF and OUT! 8-2
Bottom of the 2nd over - 1 run, 3 hits, 0 errors, 1 left on base; Memphis 1 - Reno 1
TOP OF THE 3RD
Memphis Railcats batting - Pitching for Reno Railers : RHP Moochie Cahn
Batting: RHB John Jones 0-0: Ball
1-0: Ball
2-0: Ball
3-0: Called Strike
3-1: Foul Ball, location: 2F
3-2: Foul Ball, location: 2F
3-2: Foul Ball, location: 2F
3-2: SINGLE (Flyball, 3D, EV 97.5 MPH)
Batting: RHB Theodore Ross 0-0: DOUBLE (Line Drive, 9LM, EV 106.9 MPH)
John Jones to third
Batting: RHB Dave Regan 0-0: Called Strike
0-1: Called Strike
0-2: Ball
1-2: Fly out, F8 (Flyball, 8RM, EV 88.8 MPH)
Runner from 3rd tags up, SCORES, throw by CF
Theodore Ross to third
Batting: LHB Tristen Cooley Balk!
Theodore Ross scores
0-0: Ball
1-0: Ball
2-0: Called Strike
2-1: Foul Ball, location: 2F
2-2: Ball
3-2: Ground out U3 (Groundball, 34, EV 102.5 MPH)
Batting: LHB Dalton Hamilton 0-0: Called Strike
0-1: Ball
1-1: Ball
2-1: Swinging Strike
2-2: Foul Ball, location: 2F
2-2: Strikes out looking
Top of the 3rd over - 2 runs, 2 hits, 0 errors, 0 left on base; Memphis 3 - Reno 1
BOTTOM OF THE 3RD
Reno Railers batting - Pitching for Memphis Railcats : RHP Cooper Mazza
Batting: RHB Braedon Pashikian 0-0: Ball
1-0: Foul Ball, location: 2F
1-1: Ball
2-1: Ball
3-1: Base on Balls
Batting: RHB Hartley Muro 0-0: Called Strike
0-1: Ball
Braedon Pashikian is caught stealing 2nd base 2-4
1-1: Ball
2-1: Foul Ball, location: 2F
2-2: Strikes out looking
Batting: RHB Harry Fischer 0-0: Called Strike
0-1: Ball
1-1: Swinging Strike
1-2: Ball
2-2: Ground out 2-3 (Groundball, 15S, EV 70.6 MPH)
Bottom of the 3rd over - 0 runs, 0 hits, 0 errors, 0 left on base; Memphis 3 - Reno 1
TOP OF THE 4TH
Memphis Railcats batting - Pitching for Reno Railers : RHP Moochie Cahn
Batting: RHB Kristian LeDoux 0-0: Ball
1-0: Called Strike
1-1: Called Strike
1-2: Foul Ball, location: 2F
1-2: SINGLE (Groundball, 3D, EV 100.0 MPH)
Batting: SHB Darren Lane 0-0: Called Strike
0-1: Ball
1-1: Ball
Kristian LeDoux is caught stealing 2nd base 2-6
2-1: Swinging Strike
2-2: Strikes out swinging
Batting: RHB Tai de Bruijn 0-0: Ball
1-0: Ball
2-0: Ball
3-0: Base on Balls
Batting: LHB Noah Ermilio 0-0: Called Strike
0-1: Foul Ball, location: 2F
0-2: Ball
1-2: Strikes out swinging
Top of the 4th over - 0 runs, 1 hit, 0 errors, 1 left on base; Memphis 3 - Reno 1
BOTTOM OF THE 4TH
Reno Railers batting - Pitching for Memphis Railcats : RHP Cooper Mazza
Batting: RHB Tate Elliott 0-0: Called Strike
0-1: Ball
1-1: Fly out, F3 (Popup, 3SF, EV 82.5 MPH)
Batting: RHB Brian Lemon 0-0: Swinging Strike
0-1: Ball
1-1: Swinging Strike
1-2: Strikes out swinging
Batting: RHB Charlie Wood 0-0: DOUBLE (Line Drive, 89D, EV 106.2 MPH)
Batting: SHB Eli Hughes 0-0: Ball
1-0: Ball
2-0: Called Strike
2-1: SINGLE (Groundball, 34D, EV 94.4 MPH)
Charlie Wood to third
Runner from 3rd tries for Home, SAFE, throw by RF to home
Batting: RHB Sol Djojohadiksumo 0-0: Ball
1-0: Foul Ball, location: 2F
1-1: Ball
2-1: Ball
3-1: Called Strike
3-2: Ground out 5-3 (Groundball, 5, EV 83.8 MPH)
Bottom of the 4th over - 1 run, 2 hits, 0 errors, 1 left on base; Memphis 3 - Reno 2
TOP OF THE 5TH
Memphis Railcats batting - Pitching for Reno Railers : RHP Moochie Cahn
Batting: RHB John Jones 0-0: Called Strike
0-1: Ball
1-1: Ball
2-1: Called Strike
2-2: SINGLE (Groundball, 6MD, EV 99.4 MPH)
Batting: RHB Theodore Ross 0-0: Called Strike
0-1: Bunted foul
0-2: Fly out, F7 (Flyball, 7S, EV 77.5 MPH)
Batting: RHB Dave Regan 0-0: Ground out 5-3 (Groundball, 56S, EV 86.9 MPH)
John Jones to second
Batting: LHB Tristen Cooley 0-0: Ball
1-0: Ball
2-0: Foul Ball, location: 2F
2-1: Ball
3-1: Called Strike
3-2: Foul Ball, location: 2F
3-2: SINGLE (Groundball, 4MD, EV 103.8 MPH)
John Jones to third
Runner from 3rd tries for Home, SAFE, throw by CF to home
Batting: LHB Dalton Hamilton 0-0: Called Strike
0-1: Ball
1-1: Foul Ball, location: 2F
1-2: Foul Ball, location: 2F
1-2: Ball
2-2: Fly out, F9 (Line Drive, 9LM, EV 103.8 MPH)
Top of the 5th over - 1 run, 2 hits, 0 errors, 1 left on base; Memphis 4 - Reno 2
BOTTOM OF THE 5TH
Reno Railers batting - Pitching for Memphis Railcats : RHP Cooper Mazza
Batting: LHB Jon Dutton 0-0: Called Strike
0-1: Foul Ball, location: 2F
0-2: Ball
1-2: Strikes out swinging
Batting: RHB Braedon Pashikian 0-0: Called Strike
0-1: Ball
1-1: Fly out, F9 (Flyball, 9, EV 91.9 MPH)
Batting: RHB Hartley Muro 0-0: Ball
1-0: Called Strike
1-1: Ground out 5-3 (Groundball, 56, EV 85.0 MPH)
Bottom of the 5th over - 0 runs, 0 hits, 0 errors, 0 left on base; Memphis 4 - Reno 2
TOP OF THE 6TH
Memphis Railcats batting - Pitching for Reno Railers : RHP Moochie Cahn
Batting: RHB Kristian LeDoux 0-0: Ball
1-0: Ball
2-0: Called Strike
2-1: Called Strike
2-2: Strikes out swinging
Batting: SHB Darren Lane 0-0: Ball
1-0: SINGLE (Groundball, 6M, EV 105.6 MPH) (infield hit)
Batting: RHB Tai de Bruijn 0-0: Fly out, F3 (Popup, 23F, EV 81.2 MPH)
Batting: LHB Noah Ermilio 0-0: Called Strike
0-1: Swinging Strike
0-2: Ball
1-2: Strikes out swinging
Top of the 6th over - 0 runs, 1 hit, 0 errors, 1 left on base; Memphis 4 - Reno 2
BOTTOM OF THE 6TH
Reno Railers batting - Pitching for Memphis Railcats : RHP Cooper Mazza
Batting: RHB Harry Fischer 0-0: Called Strike
0-1: Called Strike
0-2: Ball
1-2: Ball
2-2: Strikes out swinging
Batting: RHB Tate Elliott 0-0: Ball
1-0: SOLO HOME RUN (Flyball, 7D, EV 96.9 MPH), Distance : 365 ft
Batting: RHB Brian Lemon 0-0: Foul Ball, location: 2F
0-1: Ball
1-1: Called Strike
1-2: Foul Ball, location: 2F
1-2: Ball
2-2: Foul Ball, location: 2F
2-2: Strikes out swinging
Batting: RHB Charlie Wood 0-0: Foul Ball, location: 2F
0-1: Ball
1-1: Swinging Strike
1-2: Strikes out swinging
Bottom of the 6th over - 1 run, 1 hit, 0 errors, 0 left on base; Memphis 4 - Reno 3
TOP OF THE 7TH
Memphis Railcats batting - Pitching for Reno Railers : RHP Moochie Cahn
Batting: RHB John Jones 0-0: Ball
1-0: Ball
2-0: Ball
3-0: Called Strike
3-1: Foul Ball, location: 2F
3-2: Base on Balls
Batting: RHB Theodore Ross 0-0: Sac Bunt to P - play at first, batter OUT! 1-3
John Jones to second
Batting: RHB Dave Regan 0-0: Ball
1-0: Ball
2-0: Called Strike
2-1: Called Strike
2-2: Foul Ball, location: 2F
2-2: Ball
3-2: Fly out, F8 (Flyball, 8RD, EV 97.5 MPH)
Runner from 2nd tags up, SAFE at 3rd with throw by CF
Batting: LHB Tristen Cooley 0-0: Ball
Wild Pitch!
John Jones scores
1-0: Foul Ball, location: 2F
1-1: Ball
2-1: Ball
3-1: SINGLE (Flyball, 4MD, EV 96.2 MPH)
Batting: LHB Dalton Hamilton 0-0: Ball
1-0: Called Strike
1-1: Foul Ball, location: 2F
1-2: Foul Ball, location: 2F
1-2: Fly out, F8 (Flyball, 78XD, EV 101.9 MPH)
Top of the 7th over - 1 run, 1 hit, 0 errors, 1 left on base; Memphis 5 - Reno 3
BOTTOM OF THE 7TH
Reno Railers batting - Pitching for Memphis Railcats : RHP Cooper Mazza
Pitching: LHP Trace Keller
Batting: SHB Eli Hughes 0-0: Called Strike
0-1: Ground out 5-3 (Groundball, 5L, EV 86.9 MPH)
Batting: RHB Sol Djojohadiksumo 0-0: SINGLE (Groundball, 6MD, EV 101.9 MPH)
Pinch Hitting: RHB Braeden Shute 0-0: SINGLE (Groundball, 4D, EV 95.6 MPH)
Sol Djojohadiksumo to second
Runner from 2nd tries for 3rd, SAFE, throw by CF made to third
Batting: RHB Braedon Pashikian 0-0: Called Strike
0-1: Swinging Strike
0-2: Ball
1-2: SINGLE (Line Drive, 78S, EV 102.5 MPH)
Sol Djojohadiksumo scores
Braeden Shute to second
Batting: RHB Hartley Muro 0-0: Called Strike
0-1: Ball
1-1: Ball
2-1: Reached on error, E5 (Groundball, 5, EV 91.2 MPH)
Braeden Shute to third
Braedon Pashikian to second
Batting: RHB Harry Fischer 0-0: Ball
1-0: Called Strike
1-1: Ball
2-1: Foul Ball, location: 2F
2-2: SINGLE (Line Drive, 56D, EV 98.1 MPH)
Braeden Shute scores
Braedon Pashikian to third
Hartley Muro to second
Runner from 3rd tries for Home, throw by LF and OUT! 7-2
Pitching: RHP Logan Osborne
Batting: RHB Tate Elliott 0-0: Ball
1-0: Swinging Strike
1-1: Called Strike
1-2: Strikes out swinging
Bottom of the 7th over - 2 runs, 4 hits, 1 error, 2 left on base; Memphis 5 - Reno 5
TOP OF THE 8TH
Memphis Railcats batting - Pitching for Reno Railers : RHP Moochie Cahn
Now at 3B: Ke'Ron Nicolescu
Batting: RHB Kristian LeDoux 0-0: Called Strike
0-1: Ball
1-1: SOLO HOME RUN (Flyball, 9D, EV 104.4 MPH), Distance : 376 ft
Batting: SHB Darren Lane 0-0: Foul Ball, location: 2F
0-1: Ball
1-1: Ball
2-1: Foul Ball, location: 2F
2-2: SOLO HOME RUN (Flyball, 89XD, EV 100.0 MPH), Distance : 407 ft
Pitching: RHP Cedric Chavez
Batting: RHB Tai de Bruijn 0-0: Ball
1-0: Foul Ball, location: 2F
1-1: Foul Ball, location: 2F
1-2: Ground out 4-3 (Groundball, 4, EV 80.0 MPH)
Batting: LHB Noah Ermilio 0-0: SINGLE (Line Drive, 7S, EV 89.4 MPH)
Batting: RHB John Jones 0-0: Foul Ball, location: 2F
0-1: Called Strike
0-2: Ball
1-2: Strikes out swinging
Batting: RHB Theodore Ross 0-0: Fly out, F7 (Flyball, 7D, EV 103.1 MPH)
Top of the 8th over - 2 runs, 3 hits, 0 errors, 1 left on base; Memphis 7 - Reno 5
BOTTOM OF THE 8TH
Reno Railers batting - Pitching for Memphis Railcats : RHP Logan Osborne
Now at 1B: Darren Lane
Now at 3B: Lason Ekundayo
Batting: RHB Brian Lemon 0-0: Ball
1-0: Called Strike
1-1: DOUBLE (Flyball, 89D, EV 102.5 MPH)
Batting: RHB Charlie Wood 0-0: Ball
1-0: Ball
2-0: Called Strike
2-1: Ball
3-1: Foul Ball, location: 2F
3-2: Foul Ball, location: 2F
3-2: Foul Ball, location: 2F
3-2: Foul Ball, location: 2F
3-2: Strikes out swinging
Batting: SHB Eli Hughes 0-0: Ball
1-0: Called Strike
1-1: Ball
2-1: SINGLE (Groundball, 4D, EV 96.2 MPH)
Brian Lemon to third
Batting: RHB Sol Djojohadiksumo 0-0: Ball
1-0: Ball
2-0: Foul Ball, location: 2F
2-1: Ball
3-1: Foul Ball, location: 2F
3-2: Strikes out swinging
Batting: SHB Ke'Ron Nicolescu 0-0: Ball
1-0: DOUBLE (Flyball, 89XD, EV 104.4 MPH)
Brian Lemon scores
Eli Hughes to third
Runner from 3rd tries for Home, SAFE, throw by RF to trailing runner, OUT at third! 9-3-5
Bottom of the 8th over - 2 runs, 3 hits, 0 errors, 0 left on base; Memphis 7 - Reno 7
TOP OF THE 9TH
Memphis Railcats batting - Pitching for Reno Railers : RHP Cedric Chavez
Pitching: LHP Tyler Wolfe
Batting: RHB Dave Regan 0-0: Called Strike
0-1: Called Strike
0-2: Ball
1-2: Foul Ball, location: 2F
1-2: Strikes out swinging
Batting: LHB Tristen Cooley 0-0: Foul Ball, location: 2F
0-1: Called Strike
0-2: Foul Ball, location: 2F
0-2: Ball
1-2: Ground out 5-3 (Groundball, 56, EV 86.2 MPH)
Batting: RHB Lason Ekundayo 0-0: Ball
1-0: SINGLE (Groundball, 56D, EV 96.2 MPH)
Batting: RHB Kristian LeDoux 0-0: Fielders Choice at 2nd, 6-4 (Groundball, 6, EV 85.0 MPH)
Top of the 9th over - 0 runs, 1 hit, 0 errors, 1 left on base; Memphis 7 - Reno 7
BOTTOM OF THE 9TH
Reno Railers batting - Pitching for Memphis Railcats : RHP Logan Osborne
Pitching: RHP Eddie Hasenkamp
Batting: RHB Braedon Pashikian 0-0: Called Strike
0-1: SINGLE (Line Drive, 78S, EV 110.0 MPH)
Batting: RHB Hartley Muro 0-0: Called Strike
0-1: Ball
1-1: Foul Ball, location: 2F
1-2: Ball
2-2: Ball
3-2: SINGLE (Line Drive, 7LS, EV 95.6 MPH)
Braedon Pashikian to second
Batting: RHB Harry Fischer 0-0: Called Strike
0-1: Called Strike
0-2: Strikes out swinging
Batting: RHB Tate Elliott 0-0: Ball
Braedon Pashikian is caught stealing 3rd base 2-5
1-0: Called Strike
1-1: Called Strike
1-2: Ball
2-2: Ball
3-2: 2-RUN HOME RUN (Flyball, 89XD, EV 100.6 MPH), Distance : 386 ft
Bottom of the 9th over - 2 runs, 3 hits, 0 errors, 0 left on base; Memphis 7 - Reno 9
Tuesday, April 2nd , 2024 - OOTP Baseball 23.10 Build 110